 Dungeon Crawl Stone Soup version 0.30-a0-322-g102857c98e (webtiles) character file.

Game seed: 7002283718771101817

8 ryw the Trooper (level 2, 24/24 HPs)
             Began as a Demonspawn Monk on Oct 27, 2022.
             Quit the game on level 1 of the Dungeon.
             The game lasted 00:00:18 (219 turns).

ryw the Trooper (Demonspawn Monk)                    Turns: 219, Time: 00:00:19

Health: 24/24      AC:  2    Str: 11    XL:     2   Next: 0%
Magic:  2/2        EV: 12    Int: 11    God:
Gold:   16         SH:  0    Dex: 15    Spells: 1/1 levels left

rFire   . . .      SeeInvis .      - Unarmed
rCold   . . .      Faith    .    (no shield)
rNeg    . . .      Spirit   .    a - +0 robe
rPois   .          Reflect  .    (no helmet)
rElec   .          Harm     .    (no cloak)
rCorr   .          Rampage  .    (no gloves)
Will    .....                    (no boots)
Stlth   ++........               (no amulet)
HPRegen 0.24/turn                (no ring)
MPRegen 0.08/turn                (no ring)

@: no status effects
A: weakness stinger 1
a: no special abilities


You were on level 1 of the Dungeon.
You visited 1 branch of the dungeon, and saw 1 of its levels.

You collected 16 gold pieces.

Inventory:

Armour
 a - a +0 robe (worn)
Scrolls
 c - a scroll of vulnerability {unknown}
 e - a scroll of blinking {unknown}
Potions
 b - a potion of ambrosia
 d - a potion of berserk rage {unknown}
 f - 2 potions of degeneration {unknown}


   Skills:
 + Level 3.5 Fighting
 - Level 2.6 Dodging
 - Level 1.7 Stealth
 - Level 2.6 Unarmed Combat


You had one spell level left.
You didn't know any spells.
Your spell library was empty.

Dungeon Overview and Level Annotations

Branches:
Dungeon (1/15)

Altars:


Innate Abilities, Weirdness & Mutations

You have a small tail.


Message History

A jackal comes into view.
The dart slug barely misses you.
You hit the dart slug.
The dart slug is severely wounded.
The dart slug launches a dart at you. The slug dart misses you.
You hit the dart slug.
The dart slug is almost dead.
You hit the dart slug but do no damage.
The dart slug is almost dead.
The dart slug launches a dart at you. The slug dart hits you.
You hit the dart slug.
You kill the dart slug!
You hit the jackal.
You kill the jackal!
You hit the jackal.
You kill the jackal!
No target in view!
No target in view!
No target in view!
Things that are here:
a jackal corpse; a dart slug corpse
c - a scroll labelled TIRUTUIGUD You see here 3 stones.
You see here 5 poisoned darts.
Found a stone staircase leading down.
d - a lumpy yellow potion
e - a scroll labelled OPOUHU AFOU
f - 2 fuming amethyst potions A kobold comes into view.
It is wielding a +0 dagger.
A dart slug comes into view.
You see here 18 gold pieces.
You hit the kobold but do no damage. You hit the kobold.
You kill the kobold!
You have reached level 2!
Your demonic ancestry asserts itself...
You grow a small tail.
Are you sure you want to abandon this character and quit the game? (Confirm with "yes".)

# ..w #### .. ... +...
#. ..# #### #. #.# #
#.## #.# ..# #.# #.#
#)# #+# #.###.###@#
###.####### #.........#
#.........# #####.#####
#.#.#####.## ###.###
#........... #.....#
#.....###.##
#.....##### #...>.# #.#
#.........###.#.#.###.#
#.....###.............#
#.....# ###############


You could see a dart slug (asleep).

Vanquished Creatures
  A dart slug (D:1)
  2 jackals (D:1)
  A quokka (D:1)
  2 kobolds (D:1)
6 creatures vanquished.

Notes
Turn   | Place    | Note
-------+----------+-------------------------------------------
     0 | D:1      | ryw the Demonspawn Monk began the quest for the Orb.
     0 | D:1      | Reached XP level 1. HP: 18/18 MP: 1/1
   219 | D:1      | Gained mutation: You have a small tail. [demonic ancestry]
   219 | D:1      | Reached XP level 2. HP: 24/24 MP: 2/2
   219 | D:1      | Quit the game

Illustrated notes

Levels and vault maps discovered:
D:1:      grunt_arrival_lava_bath, layout_loops_corners, serial_shops, shop,
          chequers_serial_rivers_marsh

Action                   || total
-------------------------++-------
Melee: Unarmed           ||    17
Armor: Robe              ||     1
Dodge: Dodged            ||     3

Table legend: (Time is in decaauts)
 A = Elapsed time spent in this place.
 B = Non-inter-level travel time spent in this place.
 C = Inter-level travel time spent in this place.
 D = Time resting spent in this place.
 E = Time spent auto-exploring this place.
 F = Levels seen in this place.
 G = Mean time per level.
                   A        B        C        D        E       F      G
               +--------+--------+--------+--------+--------+-----+--------+
         Total |    219 |    219 |      0 |      0 |    180 |   1 |  219.0 |
       Dungeon |    219 |    219 |      0 |      0 |    180 |   1 |  219.0 |
               +--------+--------+--------+--------+--------+-----+--------+

Top non-repeatable levels by time:
     D:1: 219 daAuts
